TOP OF THE 1ST |
Mile High Broncos batting - Pitching for Calgary Cowboys : RHP Jimmy Branch
|
Pitching: RHP Jimmy Branch
|
|
Batting: RHB Damian Yates
|
0-0: DOUBLE (Line Drive, 9LD)
|
Batting: RHB Phil White
|
0-0: Swinging Strike 0-1: Foul Ball, location: 2F 0-2: SINGLE (Line Drive, 9S) Damian Yates to third
|
Batting: LHB Bill Houston
|
0-0: Called Strike 0-1: Grounds into double play, U4-3 (Groundball, 4M) Damian Yates scores
|
Batting: RHB Vincente Ventura
|
0-0: Ball 1-0: Foul Ball, location: 2F 1-1: Fly out, F3 (Popup, 3SF)
|
Top of the 1st over - 1 run(s), 2 hit(s), 0 error(s), 0 left on base; Mile High 1 - Calgary 0 |
BOTTOM OF THE 1ST |
Calgary Cowboys batting - Pitching for Mile High Broncos : RHP John Burris
|
Pitching: RHP John Burris
|
|
Batting: RHB Clark Hodge
|
0-0: Ball 1-0: Swinging Strike 1-1: Ball 2-1: Called Strike 2-2: Foul Ball, location: 2F 2-2: Strikes out looking
|
Batting: RHB Mike Wilcox
|
0-0: Called Strike 0-1: Swinging Strike 0-2: Ball 1-2: Foul Ball, location: 2F 1-2: Ball 2-2: Ball 3-2: Base on Balls
|
Batting: RHB Dan Wyatt
|
0-0: Ball Mike Wilcox is caught stealing 2nd base 1-0: SINGLE (Groundball, 4MD) (infield hit)
|
Batting: RHB Cristián Peña
|
0-0: Ball 1-0: Ball 2-0: Called Strike 2-1: Foul Ball, location: 2F 2-2: Foul Ball, location: 2F 2-2: Foul Ball, location: 2F 2-2: Strikes out swinging
|
Bottom of the 1st over - 0 run(s), 1 hit(s), 0 error(s), 1 left on base; Mile High 1 - Calgary 0 |
TOP OF THE 2ND |
Mile High Broncos batting - Pitching for Calgary Cowboys : RHP Jimmy Branch
|
Batting: RHB Jesús Espinoza
|
0-0: Called Strike 0-1: Foul Ball, location: 2F 0-2: Foul Ball, location: 2F 0-2: Ball 1-2: Ball 2-2: Ball 3-2: Strikes out looking
|
Batting: RHB Su-kweon Yu
|
0-0: Ball 1-0: Ball 2-0: Called Strike 2-1: Called Strike 2-2: Foul Ball, location: 2F 2-2: Strikes out swinging
|
Batting: RHB José Herrera
|
0-0: DOUBLE (Flyball, 89XD)
|
Batting: RHB Ximena Campos
|
0-0: Called Strike 0-1: Swinging Strike 0-2: DOUBLE (Groundball, 5L) José Herrera scores
|
Batting: SHB Tom Stevens
|
0-0: Swinging Strike 0-1: Swinging Strike 0-2: Ball 1-2: Ball 2-2: Ball 3-2: Ground out 6-3 (Groundball, 6)
|
Top of the 2nd over - 1 run(s), 2 hit(s), 0 error(s), 1 left on base; Mile High 2 - Calgary 0 |
BOTTOM OF THE 2ND |
Calgary Cowboys batting - Pitching for Mile High Broncos : RHP John Burris
|
Batting: LHB Al Ryan
|
0-0: Ball 1-0: Ground out 4-3 (Groundball, 4)
|
Batting: RHB Derek Carr
|
0-0: Ball 1-0: Called Strike 1-1: Foul Ball, location: 2F 1-2: Ball 2-2: Strikes out swinging
|
Batting: RHB Jorge Balencia
|
0-0: DOUBLE (Line Drive, 89D)
|
Batting: RHB Steven Jennings
|
0-0: Ground out 3-1 (Groundball, 34)
|
Bottom of the 2nd over - 0 run(s), 1 hit(s), 0 error(s), 1 left on base; Mile High 2 - Calgary 0 |
TOP OF THE 3RD |
Mile High Broncos batting - Pitching for Calgary Cowboys : RHP Jimmy Branch
|
Batting: RHB Damian Yates
|
0-0: Ball 1-0: Ball 2-0: Called Strike 2-1: Ball 3-1: Base on Balls
|
Batting: RHB Phil White
|
0-0: Ball 1-0: Foul Ball, location: 2F 1-1: Foul Ball, location: 2F 1-2: Strikes out looking
|
Batting: LHB Bill Houston
|
0-0: Called Strike 0-1: Ball 1-1: Ball 2-1: Fly out, F7 (Line Drive, 7S)
|
Batting: RHB Vincente Ventura
|
0-0: Fly out, F8 (Flyball, 8LM)
|
Top of the 3rd over - 0 run(s), 0 hit(s), 0 error(s), 1 left on base; Mile High 2 - Calgary 0 |
BOTTOM OF THE 3RD |
Calgary Cowboys batting - Pitching for Mile High Broncos : RHP John Burris
|
Batting: LHB Freddy Herrera
|
0-0: Fly out, F8 (Flyball, 8LM)
|
Batting: RHB Clark Hodge
|
0-0: Ball 1-0: Swinging Strike 1-1: Called Strike 1-2: Ball 2-2: Ball 3-2: Foul Ball, location: 2F 3-2: Ground out 1-3 (Groundball, 23)
|
Batting: RHB Mike Wilcox
|
0-0: Ball 1-0: Ball 2-0: Ball 3-0: Called Strike 3-1: Base on Balls
|
Batting: RHB Dan Wyatt
|
0-0: Swinging Strike 0-1: Ground out 5-3 (Groundball, 5S)
|
Bottom of the 3rd over - 0 run(s), 0 hit(s), 0 error(s), 1 left on base; Mile High 2 - Calgary 0 |
TOP OF THE 4TH |
Mile High Broncos batting - Pitching for Calgary Cowboys : RHP Jimmy Branch
|
Batting: RHB Jesús Espinoza
|
0-0: Fly out, F9 (Flyball, 89S)
|
Batting: RHB Su-kweon Yu
|
0-0: Ball 1-0: DOUBLE (Line Drive, 89D)
|
Batting: RHB José Herrera
|
0-0: Ball 1-0: Called Strike 1-1: Fly out, F6 (Line Drive, 6)
|
Batting: RHB Ximena Campos
|
0-0: Called Strike 0-1: Ball 1-1: Called Strike 1-2: Foul Ball, location: 2F 1-2: Ball 2-2: Foul Ball, location: 2F 2-2: Ball 3-2: Foul Ball, location: 2F 3-2: Strikes out swinging
|
Top of the 4th over - 0 run(s), 1 hit(s), 0 error(s), 1 left on base; Mile High 2 - Calgary 0 |
BOTTOM OF THE 4TH |
Calgary Cowboys batting - Pitching for Mile High Broncos : RHP John Burris
|
Batting: RHB Cristián Peña
|
0-0: Swinging Strike 0-1: Swinging Strike 0-2: Strikes out swinging
|
Batting: LHB Al Ryan
|
0-0: Ball 1-0: Ball 2-0: Ball 3-0: Base on Balls
|
Batting: RHB Derek Carr
|
0-0: Ball 1-0: Ball 2-0: Ball 3-0: Called Strike 3-1: Called Strike 3-2: Base on Balls Al Ryan to second
|
Batting: RHB Jorge Balencia
|
0-0: Swinging Strike 0-1: Foul Ball, location: 2F 0-2: Grounds into double play, 5-4-3 (Groundball, 5)
|
Bottom of the 4th over - 0 run(s), 0 hit(s), 0 error(s), 1 left on base; Mile High 2 - Calgary 0 |
TOP OF THE 5TH |
Mile High Broncos batting - Pitching for Calgary Cowboys : RHP Jimmy Branch
|
Batting: SHB Tom Stevens
|
0-0: Ball 1-0: Ball 2-0: SINGLE (Groundball, 4MD)
|
Batting: RHB Damian Yates
|
0-0: Ball 1-0: Foul Ball, location: 2F 1-1: Foul Ball, location: 2F 1-2: Ball 2-2: Reached on error, E6 (Groundball, 6M) Tom Stevens to second
|
Batting: RHB Phil White
|
0-0: Foul Ball, location: 2F 0-1: Called Strike 0-2: Ball 1-2: Ball 2-2: SINGLE (Groundball, 6) (infield hit) Tom Stevens to third Damian Yates to second
|
Batting: LHB Bill Houston
|
0-0: Ball 1-0: Called Strike 1-1: Ball 2-1: Swinging Strike 2-2: Foul Ball, location: 2F 2-2: Strikes out swinging
|
Batting: RHB Vincente Ventura
|
0-0: Called Strike 0-1: Ball 1-1: Called Strike 1-2: Ball 2-2: Strikes out swinging
|
Batting: RHB Jesús Espinoza
|
0-0: Called Strike 0-1: Ball 1-1: SINGLE (Groundball, 4M) Tom Stevens scores Damian Yates to third Phil White to second Runner from 3rd tries for Home, SAFE, no throw or cutoff
|
Batting: RHB Su-kweon Yu
|
0-0: Swinging Strike 0-1: Called Strike 0-2: Strikes out swinging
|
Top of the 5th over - 2 run(s), 3 hit(s), 1 error(s), 2 left on base; Mile High 4 - Calgary 0 |
BOTTOM OF THE 5TH |
Calgary Cowboys batting - Pitching for Mile High Broncos : RHP John Burris
|
Batting: RHB Steven Jennings
|
0-0: Called Strike 0-1: Ball 1-1: Ball 2-1: Swinging Strike 2-2: Ball 3-2: Strikes out swinging
|
Batting: LHB Freddy Herrera
|
0-0: Ball 1-0: Called Strike 1-1: Foul Ball, location: 2F 1-2: Strikes out swinging
|
Batting: RHB Clark Hodge
|
0-0: Swinging Strike 0-1: Ball 1-1: Ball 2-1: Ball 3-1: SOLO HOME RUN (Flyball, 8LXD), Distance : 432 ft
|
Batting: RHB Mike Wilcox
|
0-0: Ball 1-0: SINGLE (Groundball, 25) (infield hit)
|
Batting: RHB Dan Wyatt
|
0-0: Ball 1-0: Foul Ball, location: 2F 1-1: Foul Ball, location: 2F 1-2: Strikes out swinging
|
Bottom of the 5th over - 1 run(s), 2 hit(s), 0 error(s), 1 left on base; Mile High 4 - Calgary 1 |
TOP OF THE 6TH |
Mile High Broncos batting - Pitching for Calgary Cowboys : RHP Jimmy Branch
|
Batting: RHB José Herrera
|
0-0: Ball 1-0: Foul Ball, location: 2F 1-1: Ball 2-1: Ball 3-1: Foul Ball, location: 2F 3-2: Fly out, F6 (Line Drive, 6)
|
Batting: RHB Ximena Campos
|
0-0: Swinging Strike 0-1: Ball 1-1: SINGLE (Groundball, 6M)
|
Pitching: LHP Mario Rosário
|
|
Batting: SHB Tom Stevens
|
0-0: Ball Ximena Campos steals 2nd base 1-0: Foul Ball, location: 2F 1-1: Ball 2-1: Ball 3-1: Base on Balls
|
Batting: RHB Damian Yates
|
0-0: Called Strike 0-1: Ball 1-1: Foul Ball, location: 2F 1-2: Strikes out looking
|
Batting: RHB Phil White
|
0-0: Swinging Strike 0-1: Foul Ball, location: 2F 0-2: DOUBLE (Groundball, 5L) Ximena Campos scores Tom Stevens to third Runner from 3rd tries for Home, SAFE, no throw or cutoff
|
Batting: LHB Bill Houston
|
0-0: Ground out 4-3 (Groundball, 4)
|
Top of the 6th over - 2 run(s), 2 hit(s), 0 error(s), 1 left on base; Mile High 6 - Calgary 1 |
BOTTOM OF THE 6TH |
Calgary Cowboys batting - Pitching for Mile High Broncos : RHP John Burris
|
Batting: RHB Cristián Peña
|
0-0: Ball 1-0: SINGLE (Line Drive, 4M)
|
Batting: LHB Al Ryan
|
0-0: Ball 1-0: SINGLE (Line Drive, 9S) Cristián Peña to second Runner from 2nd tries for 3rd, SAFE, throw made to third
|
Batting: RHB Derek Carr
|
0-0: Ball 1-0: Ball 2-0: Called Strike 2-1: Foul Ball, location: 2F 2-2: Fly out, F9 (Popup, 89S)
|
Batting: RHB Jorge Balencia
|
0-0: Called Strike 0-1: SINGLE (Line Drive, 89M) Cristián Peña scores Al Ryan to second Runner from 2nd tries for 3rd, SAFE, throw made to third
|
Batting: RHB Steven Jennings
|
0-0: Grounds into double play, 6-4-3 (Groundball, 6)
|
Bottom of the 6th over - 1 run(s), 3 hit(s), 0 error(s), 1 left on base; Mile High 6 - Calgary 2 |
TOP OF THE 7TH |
Mile High Broncos batting - Pitching for Calgary Cowboys : LHP Mario Rosário
|
Batting: RHB Vincente Ventura
|
0-0: Ball 1-0: Ball 2-0: Foul Ball, location: 2F 2-1: Swinging Strike 2-2: Foul Ball, location: 2F 2-2: Strikes out swinging
|
Batting: RHB Jesús Espinoza
|
0-0: Ground out U3 (Groundball, 3S)
|
Batting: RHB Su-kweon Yu
|
0-0: Called Strike 0-1: Foul Ball, location: 2F 0-2: Strikes out looking
|
Top of the 7th over - 0 run(s), 0 hit(s), 0 error(s), 0 left on base; Mile High 6 - Calgary 2 |
BOTTOM OF THE 7TH |
Calgary Cowboys batting - Pitching for Mile High Broncos : RHP John Burris
|
Pitching: RHP David Bailey
|
|
Batting: LHB Freddy Herrera
|
0-0: Ball 1-0: Called Strike 1-1: Swinging Strike 1-2: Ball 2-2: Strikes out looking
|
Batting: RHB Clark Hodge
|
0-0: Ball 1-0: Ball 2-0: Called Strike 2-1: Ground out 5-3 (Groundball, 56)
|
Batting: RHB Mike Wilcox
|
0-0: Ball 1-0: Ball 2-0: Ball 3-0: Called Strike 3-1: Swinging Strike 3-2: Base on Balls
|
Batting: RHB Dan Wyatt
|
0-0: Called Strike 0-1: Foul Ball, location: 2F 0-2: Ball 1-2: Ball Mike Wilcox steals 2nd base 2-2: Ball 3-2: Foul Ball, location: 2F 3-2: SINGLE (Line Drive, 4MD) Mike Wilcox to third Mike Wilcox scores
|
Batting: RHB Cristián Peña
|
0-0: Ball 1-0: Ball 2-0: Ball 3-0: Called Strike 3-1: 2-RUN HOME RUN (Flyball, 7LD), Distance : 387 ft
|
Batting: LHB Al Ryan
|
0-0: Ball 1-0: Foul Ball, location: 2F 1-1: Swinging Strike 1-2: SINGLE (Line Drive, 89M)
|
Pitching: RHP Myoung-chul Im
|
|
Pinch Hitting: RHB Shayne Burry
|
0-0: Ball 1-0: Ball 2-0: Ball 3-0: Called Strike 3-1: Base on Balls Al Ryan to second
|
Batting: RHB Jorge Balencia
|
0-0: Foul Ball, location: 2F 0-1: Ball 1-1: Ball 2-1: Ball 3-1: Called Strike 3-2: Fly out, F8 (Flyball, 8RM)
|
Bottom of the 7th over - 3 run(s), 3 hit(s), 0 error(s), 2 left on base; Mile High 6 - Calgary 5 |
TOP OF THE 8TH |
Mile High Broncos batting - Pitching for Calgary Cowboys : LHP Mario Rosário
|
Now in LF: Donald Schultz
|
|
Batting: RHB José Herrera
|
0-0: Foul Ball, location: 2F 0-1: Ground out 5-3 (Groundball, 5)
|
Pitching: RHP Mitsunari Jouda
|
|
Batting: RHB Ximena Campos
|
0-0: Ball 1-0: Ball 2-0: Ball 3-0: Base on Balls
|
Pinch Hitting: RHB Juan Jose Guevana
|
0-0: Foul Ball, location: 2F 0-1: 2-RUN HOME RUN (Flyball, 7D), Distance : 383 ft
|
Batting: RHB Damian Yates
|
0-0: Swinging Strike 0-1: Ball 1-1: Foul Ball, location: 2F 1-2: Foul Ball, location: 2F 1-2: Ball 2-2: Foul Ball, location: 2F 2-2: Ball 3-2: Base on Balls
|
Batting: RHB Phil White
|
0-0: Called Strike 0-1: Ball 1-1: Reached on error, E6 (Groundball, 6) Damian Yates to second
|
Batting: LHB Bill Houston
|
0-0: Foul Ball, location: 2F 0-1: Called Strike 0-2: Ball 1-2: Strikes out looking
|
Batting: RHB Vincente Ventura
|
0-0: Ball 1-0: Called Strike 1-1: Fly out, F4 (Popup, 4)
|
Top of the 8th over - 2 run(s), 1 hit(s), 1 error(s), 2 left on base; Mile High 8 - Calgary 5 |
BOTTOM OF THE 8TH |
Calgary Cowboys batting - Pitching for Mile High Broncos : RHP Myoung-chul Im
|
Now at 2B: Juan Gonzáles
|
|
Batting: RHB Steven Jennings
|
0-0: Swinging Strike 0-1: Foul Ball, location: 2F 0-2: Foul Ball, location: 2F 0-2: Ball 1-2: Ground out 5-3 (Groundball, 56)
|
Batting: LHB Freddy Herrera
|
0-0: Ball 1-0: Ball 2-0: Ball 3-0: Called Strike 3-1: Base on Balls
|
Batting: RHB Clark Hodge
|
0-0: Called Strike 0-1: SINGLE (Line Drive, 78S) Freddy Herrera to second
|
Batting: RHB Mike Wilcox
|
0-0: Ball 1-0: Ball 2-0: Called Strike 2-1: Foul Ball, location: 2F 2-2: Strikes out swinging
|
Batting: RHB Dan Wyatt
|
0-0: Swinging Strike 0-1: Ball 1-1: Foul Ball, location: 2F 1-2: Foul Ball, location: 2F 1-2: Foul Ball, location: 2F 1-2: Foul Ball, location: 2F 1-2: Ball 2-2: SINGLE (Groundball, 5L) Freddy Herrera to third Clark Hodge to second Runner from 3rd tries for Home, SAFE, throw made home Clark Hodge to third Dan Wyatt to second
|
Batting: RHB Cristián Peña
|
0-0: Ball 1-0: Ball 2-0: Swinging Strike 2-1: Ball 3-1: Foul Ball, location: 2F 3-2: Base on Balls
|
Batting: LHB Al Ryan
|
0-0: Called Strike 0-1: Ball 1-1: Foul Ball, location: 2F 1-2: Fielders Choice at 2nd, U4 (Groundball, 4M)
|
Bottom of the 8th over - 1 run(s), 2 hit(s), 0 error(s), 3 left on base; Mile High 8 - Calgary 6 |
TOP OF THE 9TH |
Mile High Broncos batting - Pitching for Calgary Cowboys : RHP Mitsunari Jouda
|
Batting: RHB Jesús Espinoza
|
0-0: Ball 1-0: Ball 2-0: Ball 3-0: Base on Balls
|
Batting: RHB Su-kweon Yu
|
0-0: Sac Bunt - play at first, batter OUT! 1-3 Jesús Espinoza to second
|
Batting: RHB José Herrera
|
0-0: Swinging Strike 0-1: Foul Ball, location: 2F 0-2: Ball 1-2: Strikes out swinging
|
Batting: RHB Ximena Campos
|
0-0: Foul Ball, location: 2F 0-1: Ball 1-1: Foul Ball, location: 2F 1-2: Strikes out swinging
|
Top of the 9th over - 0 run(s), 0 hit(s), 0 error(s), 1 left on base; Mile High 8 - Calgary 6 |
BOTTOM OF THE 9TH |
Calgary Cowboys batting - Pitching for Mile High Broncos : RHP Myoung-chul Im
|
Pitching: RHP Yong-taek Yi
|
|
Batting: LHB Donald Schultz
|
0-0: Ball 1-0: SINGLE (Groundball, 4MD)
|
Batting: RHB Jorge Balencia
|
0-0: Called Strike 0-1: Fly out, F7 (Popup, 56D)
|
Batting: RHB Steven Jennings
|
0-0: Ball 1-0: Called Strike 1-1: SINGLE (Line Drive, 4MD) Donald Schultz to second
|
Batting: LHB Freddy Herrera
|
0-0: Ball 1-0: Ball 2-0: SINGLE (Line Drive, 89M) Donald Schultz to third Steven Jennings to second
|
Batting: RHB Clark Hodge
|
0-0: Called Strike 0-1: Ball 1-1: Called Strike 1-2: Ball 2-2: Strikes out swinging
|
Batting: RHB Mike Wilcox
|
0-0: Called Strike 0-1: Foul Ball, location: 2F 0-2: Ball 1-2: Ground out 6-3 (Groundball, 6)
|
Bottom of the 9th over - 0 run(s), 3 hit(s), 0 error(s), 3 left on base; Mile High 8 - Calgary 6 |
|